 Dungeon Crawl Stone Soup version 0.28.0-43-g3370ac3207 (webtiles) character file.

Game seed: 7285824190725593531

4930 fragbeetle the Transmogrifier (level 10, -1/71 HPs)
             Began as a Pale Draconian Transmuter on Mar 9, 2022.
             Was a Believer of Wu Jian.
             Killed from afar by an electric eel (6 damage)
             ... with a bolt of electricity
             ... on level 10 of the Dungeon.
             The game lasted 00:18:51 (9826 turns).

fragbeetle the Transmogrifier (DrTm)                Turns: 9826, Time: 00:18:53

Health: -1/71      AC: 12    Str: 12    XL:     10   Next: 27%
Magic:  17/17      EV: 16    Int: 21    God:    Wu Jian [**....]
Gold:   615        SH:  0    Dex: 13    Spells: 6/19 levels left

rFire   . . .      SeeInvis .   D - +11 spear of the Spheres {spect, Int+4}
rCold   + . .      Faith    .   (no shield)
rNeg    . . .      Spirit   .   (armour unavailable)
rPois   .          Reflect  .   A - +1 hat
rElec   .          Harm     .   m - +0 cloak
rCorr   .          Rampage  .   P - +0 pair of gloves
Will    .....                   R - +1 pair of boots
Stlth   +.........              (no amulet)
HPRegen 0.21/turn               F - +4 ring of evasion
MPRegen 0.15/turn               I - ring of protection from cold

@: no status effects
A: breathe steam, AC +7, unfitting armour, cold-blooded, steam resistance,
deterioration 1
a: Breathe Steam, Renounce Religion, Wall Jump


You were on level 10 of the Dungeon.
You worshipped Wu Jian.
Wu Jian was pleased with you.
You visited 2 branches of the dungeon, and saw 11 of its levels.

You collected 615 gold pieces.

Inventory:

Hand Weapons
 a - a +2 short sword of venom
 u - the +5 mace of Embarrassment {holy, rF+ rCorr}
   (You took it off a kobold on level 3 of the Dungeon)

   It has been blessed by the Shining One to cause great damage to the undead
   and demons.
   rF:        It protects you from fire.
   rCorr:     It protects you from acid and corrosion.
 v - a +2 dagger of electrocution
 D - the +11 spear of the Spheres (weapon) {spect, Int+4}
   (You found it on level 4 of the Dungeon)

   When its wielder attacks, the weapon's spirit leaps out and strikes again.
   The spirit shares a part of any damage it takes with its wielder.
   Int:       It affects your intelligence (+4).
Missiles
 p - 5 boomerangs (quivered)
 q - 331 stones
 y - 13 poisoned darts
 J - a curare-tipped dart
Armour
 m - a +0 cloak (worn)
 A - a +1 hat (worn)
 P - a +0 pair of gloves (worn)
 R - a +1 pair of boots (worn)
Magical Staves
 o - a staff of air
Jewellery
 e - a ring of ice
 g - a ring of fire
 F - a +4 ring of evasion (left hand)
 I - a ring of protection from cold (right hand)
 Q - an amulet of faith
Wands
 C - a wand of iceblast (13)
 O - a wand of mindburst (6)
Scrolls
 b - 9 scrolls of identify {unknown}
 f - a scroll of enchant armour {unknown}
 i - 2 scrolls of noise {unknown}
 j - 3 scrolls of fear {unknown}
 l - 5 scrolls of immolation {unknown}
 n - a scroll of torment {unknown}
 x - 2 scrolls of fog {unknown}
 B - a scroll of teleportation {unknown}
 E - a scroll of vulnerability {unknown}
 L - a scroll of silence {unknown}
 S - 2 scrolls of brand weapon {unknown}
Potions
 c - 2 potions of mutation
 d - 3 potions of curing {unknown}
 h - 3 potions of might {unknown}
 k - 3 potions of berserk rage {unknown}
 r - a potion of degeneration {unknown}
 s - a potion of brilliance {unknown}
 t - 2 potions of cancellation {unknown}
 w - 4 potions of flight {unknown}
 z - a potion of heal wounds {unknown}
 H - 7 potions of lignification {unknown}
 K - a potion of haste {unknown}
 M - a potion of invisibility {unknown}
Miscellaneous
 G - a lightning rod (4/4)
 N - a tin of tremorstones (2/2)


   Skills:
 - Level 1.1 Fighting
 - Level 4.0 Polearms
 - Level 1.7 Dodging
 - Level 3.1 Unarmed Combat
 - Level 5.0 Spellcasting
 - Level 10.0 Transmutations
 - Level 5.0 Ice Magic
 - Level 1.4 Air Magic
 - Level 5.0 Earth Magic
 + Level 6.5 Evocations


You had 6 spell levels left.
You knew the following spells:

 Your Spells              Type           Power      Damage    Failure   Level
a - Beastly Appendage     Tmut           94%        N/A       1%          1
b - Spider Form           Tmut/Pois      26%        N/A       4%          3
c - Ice Form              Ice/Tmut       36%        N/A       4%          4
d - Sandblast             Erth           52%        2d12      1%          1
e - Sticky Flame          Conj/Fire      5%         2d3       71%         4

Your spell library contained the following spells:

 Spells                   Type           Power      Damage    Failure   Level
 Passwall                 Tmut/Erth      30%        N/A       1%          2
 Wereblood                Tmut           47%        N/A       1%          2
 Petrify                  Tmut/Erth      36%        N/A       4%          4
 Shock                    Conj/Air       32%        1d5       9%          1
 Foxfire                  Conj/Fire      20%        2x1d5     11%         1
 Magic Dart               Conj           20%        1d4       11%         1
 Static Discharge         Conj/Air       8%         N/A       12%         2
 Stone Arrow              Conj/Erth      30%        3d8       12%         3
 Searing Ray              Conj           10%        2d4       16%         2
 Sublimation of Blood     Necr           5%         N/A       16%         2
 Swiftness                Air            11%        N/A       19%         3
 Conjure Flame            Conj/Fire      5%         6-21      32%         3
 Gell's Gravitas          Tloc           5%         N/A       32%         3
 Inner Flame              Hex/Fire       5%         N/A       32%         3
 Teleport Other           Tloc           5%         N/A       32%         3
 Irradiate                Conj/Tmut      13%        3d18      36%         5
 Lee's Rapid Deconstruct  Erth           13%        3d10*     36%         5
 Airstrike                Air            5%         N/A       52%         4
 Summon Lightning Spire   Summ/Air       8%         N/A       63%         4
 Animate Dead             Necr           2%         N/A       71%         4
 Dispel Undead            Necr           5%         3d7       71%         4
 Flame Wave               Conj/Fire      5%         2d5       71%         4
 Fulminant Prism          Conj/Hex       2%         3d6       71%         4
 Iskenderun's Mystic Bla  Conj/Tloc      5%         2d3       71%         4
 Borgnjor's Vile Clutch   Necr/Erth      7%         N/A       71%         5
 Death Channel            Necr           2%         N/A       100%        6
 Dispersal                Tloc           2%         N/A       100%        6
 Storm Form               Tmut/Air       14%        N/A       100%        7
 Maxwell's Capacitive Co  Air            5%         ∞         100%        8


Dungeon Overview and Level Annotations

Branches:
Dungeon (10/15)            Temple (1/1) D:5             Orc (0/2) D:9
   Lair: D:8-11

Altars:
Ashenzari
Cheibriados
Dithmenos
Elyvilon
Fedhas
Gozag
Hepliaklqana
Kikubaaqudgha
Nemelex Xobeh
Okawaru
Qazlal
Ru
Sif Muna
Trog
Uskayaw
Vehumet
Wu Jian
Xom
Zin
The Shining One

Shops:
D:3 *

Annotations:
D:3 2 runed translucent doors, nickcage's ghost, amateur MiFi
D:4 3 runed translucent doors, BigDaddyOpFi's ghost, amateur OpBr
D:8 3 runed translucent doors, Silentouch's ghost, novice GrFi


Innate Abilities, Weirdness & Mutations

You can breathe blasts of scalding, opaque steam.
Your pale cyan-grey scales are hard. (AC +7)
You cannot fit into any form of body armour.
You are cold-blooded and may be slowed by cold attacks.
You are immune to the effects of steam.
Your body sometimes deteriorates upon taking damage.


Message History

The electric eel shoots out a bolt of lightning at you!
The bolt of electricity hits you.
The electric eel shoots out a bolt of lightning at you!
The bolt of electricity hits the plant!
The bolt of electricity misses you.
The bolt of electricity hits the plant!
The electric eel shoots out a bolt of lightning at you!
The bolt of electricity hits you!
The electric eel shoots out a bolt of lightning at you!
The bolt of electricity hits the plant!
The bolt of electricity hits you!
The bolt of electricity hits the plant!
You barely miss the electric eel. You tail-slap the electric eel.
You punch the electric eel.
The electric eel is severely wounded.
Your +11 spear of the Spheres {spect, Int+4} hits the electric eel from afar.
A nearby plant withers and dies.
Unknown command.
You completely miss the electric eel.
Your tail-slap misses the electric eel.
The electric eel is severely wounded.
Your +11 spear of the Spheres {spect, Int+4} barely misses the electric eel.
A nearby plant withers and dies.
The electric eel shoots out a bolt of lightning at you!
The bolt of electricity misses you. The bolt of electricity hits you!
* * * LOW HITPOINT WARNING * * *
The bolt of electricity hits the electric eel.
The electric eel completely resists.
The bolt of electricity hits the plant!
The plant begins to die.
The electric eel shoots out a bolt of lightning at you!
The bolt of electricity hits you!
* * * LOW HITPOINT WARNING * * *
The bolt of electricity hits your +11 spear of the Spheres {spect, Int+4}.
Your +11 spear of the Spheres {spect, Int+4} resists.
Your spectral weapon shares its damage with you!
* * * LOW HITPOINT WARNING * * *
It was a potion of mutation.
You feel extremely strange.
You feel yourself wasting away.
The electric eel shoots out a bolt of lightning at you!
The bolt of electricity hits you.
* * * LOW HITPOINT WARNING * * *
The bolt of electricity hits you.
You die...

#####.##.....##
....#.##.##...#
###.'.##.≈PP..#
....#####P≈≈P≈##
##### #PPP≈≈.#
#.PP≈≈≈# P
#.PP♣≈≈##


≈PP #.≈P≈≈≈§###≈P≈≈. #..≈P≈≈.@P.≈≈♣ #..#P≈♣≈PS≈PP♣≈P≈ ...##≈P♣PPP≈≈♣ .
#PP≈♣♣P♣S♣ ##≈≈ ♣♣♣≈. #P≈ PP# ##P .# . You could see 2 electric eels.

Vanquished Creatures
  A two-headed ogre (D:8)
  6 yaks (D:9)
  3 steam dragons
  A water moccasin (D:7)
  2 ice beasts
  A hornet zombie (D:7)
  An orc warrior (D:9)
  4 ogres
  6 centaurs
  A phantom (D:6)
  2 kobold brigands
  A gnoll sergeant (D:6)
  A wyvern zombie (D:8)
  A scorpion (D:6)
  8 wights
  2 howler monkeys (D:10)
  2 electric eels (D:10)
  A centaur zombie (D:8)
  5 hounds
  A jelly (D:6)
  An orc priest (D:4)
  2 centaur skeletons
  A bullfrog skeleton (D:6)
  A gnoll shaman (D:4)
  4 iguanas
  4 orc wizards
  2 hound skeletons (D:4)
  A howler monkey zombie (D:8)
  A howler monkey skeleton (D:7)
  16 gnolls
  3 adders
  A white imp (D:5)
  An ufetubus (D:5)
  An adder skeleton (D:4)
  3 worms (D:2)
  2 dart slugs
  29 orcs
  11 ball pythons
  10 bats
  7 endoplasms
  2 giant cockroaches (D:1)
  12 goblins
  6 hobgoblins
  4 jackals
  14 kobolds
  A quokka (D:2)
  6 frilled lizards
  8 rats
204 creatures vanquished.

Vanquished Creatures (others)
  An orc (D:7)
  A fungus (D:10)
  19 plants (D:10)
  4 toadstools (D:5)
25 creatures vanquished.

Grand Total: 229 creatures vanquished

Notes
Turn   | Place    | Note
-------+----------+-------------------------------------------
     0 | D:1      | fragbeetle the Draconian Transmuter began the quest for the
                  | Orb.
     0 | D:1      | Reached XP level 1. HP: 16/16 MP: 3/3
   389 | D:1      | Reached XP level 2. HP: 23/23 MP: 3/5
   674 | D:1      | Reached skill level 3 in Transmutations
   904 | D:1      | Found a faded altar of an unknown god.
  1014 | D:1      | Reached XP level 3. HP: 28/28 MP: 4/6
  1052 | D:1      | Learned a level 3 spell: Spider Form
  1367 | D:2      | Reached skill level 4 in Transmutations
  1379 | D:2      | Reached XP level 4. HP: 30/35 MP: 5/7
  1895 | D:3      | Reached skill level 5 in Transmutations
  2124 | D:3      | Found Qimil's Assorted Antiques.
  2226 | D:3      | Reached XP level 5. HP: 34/40 MP: 8/8
  2348 | D:3      | Found a large runed translucent door.
  2348 | D:3      | Found a large runed translucent door.
  2357 | D:3      | Noticed nickcage's ghost (amateur MiFi)
  2491 | D:3      | Identified the +5 mace of Embarrassment {holy, rF+ rCorr}
  2657 | D:3      | Learned a level 4 spell: Ice Form
  2708 | D:4      | Reached skill level 1 in Air Magic
  3232 | D:4      | Found a radiant altar of Vehumet.
  3233 | D:4      | Noticed an ogre
  3266 | D:4      | Killed an ogre
  3267 | D:4      | Reached skill level 6 in Transmutations
  3267 | D:4      | Reached XP level 6. HP: 6/47 MP: 4/9
  4276 | D:4      | Reached skill level 7 in Transmutations
  4431 | D:4      | Noticed BigDaddyOpFi's ghost (amateur OpBr)
  4432 | D:4      | Found a runed translucent door.
  4585 | D:4      | Found a large runed translucent door.
  4586 | D:4      | Found a large runed translucent door.
  4593 | D:4      | Noticed a steam dragon
  4612 | D:4      | Found a large runed translucent door.
  4612 | D:4      | Found a large runed translucent door.
  4821 | D:4      | Identified the +11 spear of the Spheres {spect, Int+4}
  4874 | D:5      | Entered Level 5 of the Dungeon
  4906 | D:5      | Your scales start taking on a pale cyan-grey colour.
  4906 | D:5      | Reached XP level 7. HP: 52/52 MP: 10/10
  4906 | D:5      | Gained mutation: You are immune to the effects of steam.
                  | [Pale Draconian growth]
  4947 | D:4      | Killed a steam dragon
  4948 | D:4      | Reached skill level 1 in Ice Magic
  5104 | D:5      | Found a staircase to the Ecumenical Temple.
  5159 | Temple   | Entered the Ecumenical Temple
  5416 | Temple   | Became a worshipper of the Wu Jian Council
  5662 | D:5      | Reached skill level 8 in Transmutations
  5795 | D:5      | Learned a level 1 spell: Sandblast
  6117 | D:6      | Reached XP level 8. HP: 59/59 MP: 11/11
  6450 | D:6      | Reached skill level 9 in Transmutations
  6525 | D:6      | Reached skill level 5 in Ice Magic
  6671 | D:6      | Reached * piety under Wu Jian
  6672 | D:6      | Reached skill level 10 in Transmutations
  6851 | D:6      | Reached skill level 1 in Polearms
  6851 | D:6      | Reached skill level 1 in Earth Magic
  7238 | D:7      | Reached XP level 9. HP: 64/64 MP: 12/12
  7267 | D:7      | Found a broken altar of Ashenzari.
  7470 | D:7      | Found a stormy altar of Qazlal.
  8195 | D:8      | Found a runed translucent gate.
  8196 | D:8      | Found a runed translucent gate.
  8196 | D:8      | Found a runed translucent gate.
  8201 | D:8      | Noticed Silentouch's ghost (novice GrFi)
  8212 | D:8      | Noticed a kobold demonologist
  8239 | D:8      | Noticed a two-headed ogre
  8274 | D:8      | Killed a two-headed ogre
  8275 | D:8      | Reached skill level 5 in Earth Magic
  8930 | D:9      | Found a staircase to the Orcish Mines.
  8931 | D:9      | Reached skill level 5 in Spellcasting
  8942 | D:9      | Learned a level 4 spell: Sticky Flame
  9161 | D:9      | Reached XP level 10. HP: 66/71 MP: 17/17
  9165 | D:9      | Reached ** piety under Wu Jian
  9169 | D:9      | Reached skill level 5 in Evocations
  9411 | D:9      | Found a white marble altar of Elyvilon.
  9413 | D:9      | Found a snail-covered altar of Cheibriados.
  9501 | D:10     | Entered Level 10 of the Dungeon
  9664 | D:10     | Found a glowing golden altar of the Shining One.
  9826 | D:10     | Gained mutation: Your body sometimes deteriorates upon
                  | taking damage. [potion of mutation]
  9826 | D:10     | Killed from afar by an electric eel

Illustrated notes

Levels and vault maps discovered:
D:1:      saegor_arrival_simple_e, layout_basic,
          chequers_ecumenical_altar_twisty, grunt_decor_junction
D:2:      layout_basic, guppyfry_early_lair_pool
D:3:      minmay_general_purpose_star, layout_rooms, serial_shops,
          nicolae_shop_stone, ebering_ghost_disaster_area
D:4:      layout_gridville, nicolae_vehumet_radiance,
          hellmonk_ghost_happy_afterlife, minmay_hollow_rounded_squares
D:5:      layout_loops_cross, minmay_temple_entry_large_hall, minivault_4,
          minmay_gold_behind_fungi
D:6:      layout_basic
D:7:      layout_loops_ring, grunt_qazlal_clouds, evilmike_ruin_ashenzari,
          nicolae_overflow_hidden_temple, hangedman_decor_opposing
D:8:      layout_gridville, gammafunk_ghost_nasty_kobolds
D:9:      layout_rooms, minitemple, orc_0_dummy
D:10:     layout_cave_pods, nicolae_tso_swordbearing_angel,
          makhleb_altar_promises_db, david_lair_generic, serial_bayou,
          serial_bayou_lagoon_a, serial_bayou_lake_a, serial_bayou_pond_e
Temple:   minmay_temple_curvy_branch

Skill      XL: |  1  2  3  4  5  6  7  8  9 10 |
---------------+-------------------------------+-----
Transmutations | 3 4 5 6 7 8 10 | 10.0
Air Magic      | 1 |  1.4
Ice Magic      | 3 5 |  5.0
Polearms       | 2 4 |  4.0
Earth Magic    | 2 5 |  5.0
Spellcasting   | 5 |  5.0
Evocations     | 4 6 |  6.5
Fighting       | |  1.1
Dodging        | |  1.7
Unarmed Combat | |  3.1

Action                   |  1- 3 |  4- 6 |  7- 9 | 10-12 || total
-------------------------+-------+-------+-------+-------++-------
Melee: Dagger            |    77 |   127 |       |       ||   204
       Unarmed           |     3 |    32 |       |       ||    35
       Headbutt          |    14 |    19 |       |       ||    33
       Kick              |    22 |    42 |       |       ||    64
       Tailslap          |     8 |    10 |    26 |     6 ||    50
       Punch             |       |     3 |     5 |     1 ||     9
       Short sword       |       |    36 |       |       ||    36
       Spear             |       |     2 |   149 |    31 ||   182
Throw: Boomerang         |       |     7 |     1 |       ||     8
       Dart              |       |       |     2 |       ||     2
       Throwing net      |       |       |     1 |       ||     1
 Cast: Beastly Appendage |    23 |    26 |     1 |       ||    50
       Spider Form       |       |     4 |       |       ||     4
Invok: Lunge             |       |       |    10 |       ||    10
       Whirlwind         |       |       |     4 |     1 ||     5
 Abil: Breathe Steam     |       |       |     2 |       ||     2
  Use: Potion            |       |       |       |     1 ||     1
 Stab: Sleeping          |       |     1 |       |       ||     1
       Distracted        |       |       |     2 |       ||     2
Armor: Skin              |    22 |    60 |    22 |     5 ||   109
Dodge: Dodged            |    45 |   123 |    85 |    11 ||   264
